 Dungeon Crawl Stone Soup version 0.31-a0-232-gb1c03b2570 (webtiles) character file.

Game seed: 12893532350573153790

18 qw the Shooter (level 2, 0/16 HPs)
             Began as a Gargoyle Hexslinger on July 7, 2023.
             Slain by Sigmund
             ... wielding a +0 scythe
              (9 damage)
             ... on level 2 of the Dungeon.
             The game lasted 00:00:15 (879 turns).

qw the Shooter (Gargoyle Hexslinger)                 Turns: 879, Time: 00:00:16

Health: 0/16       AC:  5    Str: 11    XL:     2   Next: 66%
Magic:  3/3        EV: 12    Int: 13    God:
Gold:   85         SH:  0    Dex: 12    Spells: 2/3 levels left

rFire   . . .        Y - +1 sling
rCold   . . .        (no shield)
rNeg    + . .        c - +0 robe
rPois   inf          (no helmet)
rElec   +            (no cloak)
rCorr   .            g - +0 pair of gloves
SInv    .            (no boots)
Will    .....        (no amulet)
Stlth   +            (no ring)
HPRegen 0.22/turn    (no ring)
MPRegen 0.08/turn

%: no passive effects
@: no status effects
A: sickness immunity, AC +2, negative energy resistance 1, electricity
resistance, torment resistance 1, petrification resistance
a: no special abilities


You were on level 2 of the Dungeon.
You visited 1 branch of the dungeon, and saw 2 of its levels.

You collected 85 gold pieces.


Innate Abilities, Weirdness & Mutations

You are immune to sickness and miasma.
Your stone body is resilient. (AC +2)
You are immune to poison.
You resist negative energy. (rN+)
You are resistant to electric shocks. (rElec)
You are resistant to unholy torment.
You are immune to petrification.


   Skills:
 + Level 1.4 Fighting
 - Level 3.0 Ranged Weapons
 - Level 1.5 Dodging
 - Level 1.0 Spellcasting
 - Level 2.6 Hexes


You had 2 spell levels left.
You knew the following spells:

 Your Spells              Type           Power      Damage    Failure   Level
a - Slow                  Hex            28%        N/A       10%         1

Your spell library contained the following spells:

 Spells                   Type           Power      Damage    Failure   Level
 Inner Flame              Hex/Fire       4%         N/A       43%         3
 Portal Projectile        Hex/Tloc       8%         N/A       43%         3
 Cause Fear               Hex            3%         N/A       67%         4

Inventory:

Hand Weapons
 Y - a +1 sling (weapon)
Armour
 c - a +0 robe (worn)
 g - a +0 pair of gloves (worn)
Jewellery
 e - a ring of ice

Dungeon Overview and Level Annotations

Branches:
Dungeon (2/15)

Altars:
Zin

Annotations:
D:2 Sigmund


Message History

A bat comes into view.
The bat moves out of view.
The bat closely misses you.
Enter note: You shoot a sling bullet.
The sling bullet hits the bat.
You kill the bat!
You see here a bat corpse.
You open the door.
Found a stone staircase leading down.
Enter note:
There is an open door here.
There is an open door here.
You open the door.
A bat comes into view.
Enter note: You shoot a sling bullet.
The sling bullet hits the bat.
You kill the bat!
There is an open door here.
You open the door.
There is an open door here.
Sigmund the Dreaded comes into view.
He is wielding a +0 scythe.
Found 4 poisoned darts.
Sigmund shouts!
Enter note: You shoot a sling bullet.
The sling bullet closely misses Sigmund.
You shoot a sling bullet. The sling bullet hits Sigmund.
Sigmund is moderately wounded.
You shoot a sling bullet.
The sling bullet hits Sigmund but does no damage.
Sigmund is moderately wounded.
Sigmund gestures at you while chanting. The magic dart hits you!
You shoot a sling bullet. The sling bullet hits Sigmund.
Sigmund is moderately wounded.
You shoot a sling bullet.
The sling bullet closely misses Sigmund.
Sigmund hits you from afar with a +0 scythe!
Ouch! That really hurt!
You die...

###### #....# #....#
####### #....# .......
#....# .......
#######....######.......
......'....'....@.......
..#####....######.......
...## ###### .@....(
....### .......
#.....######### ####...
##............# ..
.##.....^.....# .
..##..........#
...##.........#


You could see Sigmund.

Vanquished Creatures
  A worm (D:2)
  4 bats (D:2)
  An endoplasm (D:1)
  3 jackals (D:1)
  2 ball pythons (D:1)
  3 kobolds
  A rat (D:1)
15 creatures vanquished.

Notes
Turn   | Place    | Note
-------+----------+-------------------------------------------
     0 | D:1      | qw the Gargoyle Hexslinger began the quest for the Orb.
     0 | D:1      | Reached XP level 1. HP: 12/12 MP: 2/2
     0 | D:1      | 0 ||| qw: Version: 0.3-a-46-gb1f654a
     0 | D:1      | 0 ||| qw: Game counter: 2458
     0 | D:1      | 0 ||| qw: Melee chars always use a shield: true
     0 | D:1      | 0 ||| qw: God list: Okawaru
     0 | D:1      | 0 ||| qw: Allow faded altars: false
     0 | D:1      | 0 ||| qw: Do Orc after clearing Dungeon:15 true
     0 | D:1      | 0 ||| qw: Do second Lair branch before Depths: true
     0 | D:1      | 0 ||| qw: Lair rune preference: random
     0 | D:1      | 0 ||| qw: Goals: Normal
     0 | D:1      | 0 ||| PLANNING D:1-11
   496 | D:1      | Reached XP level 2. HP: 9/16 MP: 3/3
   747 | D:1      | 747 ||| UPGRADING to +0 pair of gloves.
   752 | D:1      | 752 ||| READING scroll labelled SIGRAS IRA.
   753 | D:1      | 753 ||| READING scroll labelled QUADDO SIJAV.
   758 | D:1      | 758 ||| READING scroll labelled YKIPHO GUKIRAV.
   759 | D:1      | 759 ||| DROPPING scroll of poison.
   779 | D:2      | Found a glowing silver altar of Zin.
   800 | D:2      | Reached skill level 3 in Ranged Weapons
   874 | D:2      | Noticed Sigmund
   879 | D:2      | Slain by Sigmund

Levels and vault maps discovered:
D:1:      moated_graveyard_arrival, layout_basic
D:2:      layout_basic, basic_altar, nrook_mini_backslash, uniq_sigmund

Skill      XL: |  1  2 |
---------------+-------+-----
Ranged Weapons | 3 |  3.0
Fighting       | |  1.4
Dodging        | |  1.5
Spellcasting   | |  1.0
Hexes          | |  2.6

Action                     || total
---------------------------++-------
   Fire: Sling             ||    49
    Use: Scroll            ||     3
 Armour: Robe              ||     6
  Dodge: Dodged            ||    25

Table legend:
 A = Non-vault XP
 B = Vault XP
 C = Vault XP percentage of total XP
 D = Non-vault monster count
 E = Vault monster count
 F = Vault count percentage of total count
                 A         B        C        D         E       F
            +---------+---------+-------+---------+---------+-------
      Total |      26 |       0 |   0.0 |      15 |       0 |   0.0
            +---------+---------+-------+---------+---------+-------
        D:1 |      13 |       0 |   0.0 |       9 |       0 |   0.0
        D:2 |      13 |       0 |   0.0 |       6 |       0 |   0.0
            +---------+---------+-------+---------+---------+-------
